Map: Stargazers

Players

DLCForcesTTV - Winner!

  • Race: Protoss Protoss
  • Spawn Location: 1:00

Adrasmorales

  • Race: Protoss Protoss
  • League: Silver
  • Spawn Location: 11:00

VOD

Have the link to the VOD?

Description

Time

  • Played on: Aug. 30, 2022, 3:03 a.m.
  • Length: 14:21
Show
View Real Time Build Order
Export as new Build Order

DLCForcesTTV Protoss - Winner!

Build Orders:  

Get SALT Encoding   

  12  0:00  Probe  
  13  0:15  Pylon  
  13  0:18  Probe  
  14  0:30  Probe  
  14  0:31  Assimilator  
  15  0:42  Gateway  
  15  0:44  Probe (Chrono Boost)  
  16  0:57  Probe (Chrono Boost)  
  17  1:05  Probe (Chrono Boost), Gateway  
  18  1:16  Probe  
  19  1:28  Probe  
  19  1:31  Pylon  
  20  1:45  Probe  
  20  1:46  Cybernetics Core  
  21  1:50  Assimilator  
  21  1:58  Probe  
  22  2:10  Probe  
  22  2:12  Nexus  
  23  2:24  Adept x2  
  23  2:25  Warp Gate (Chrono Boost)  
  27  2:37  Probe  
  28  2:49  Probe, Twilight Council  
  29  2:56  Gateway  
  29  3:14  Gateway  
  29  3:15  Gateway  
  29  3:18  Probe  
  30  3:30  Probe  
  30  3:33  Stargate  
  31  3:37  Pylon  
  29  4:01  Charge (Chrono Boost)  
  27  4:04  Stalker x3  
  27  4:09  Probe x2  
  35  4:15  Stalker  
  37  4:22  Shield Battery  
  37  4:27  Pylon  
  37  4:31  Probe  
  37  4:32  Probe  
  39  4:42  Stargate  
  39  4:43  Probe  
  40  4:46  Zealot  
  40  4:49  Zealot  
  44  5:01  Probe x2  
  44  5:06  Pylon  
  46  5:13  Probe x2  
  52  5:25  Void Ray  
  52  5:36  Stalker x3  
  52  5:37  Stalker  
  60  5:45  Zealot  
  60  5:46  Probe x2  
  64  5:50  Assimilator  
  64  5:58  Probe x2  
  64  6:01  Zealot x2  
  70  6:24  Nexus  
  70  6:28  Forge  
  70  6:32  Forge  
  52  6:59  Zealot x4  
  52  7:00  Zealot  
  50  7:11  Probe x2  
  52  7:15  Phoenix x2  
  56  7:27  Assimilator  
  56  7:33  Zealot x3, Pylon  
  56  7:34  Zealot x2, Pylon  
  66  7:37  Protoss Ground Weapons Level 1 (Chrono Boost)  
  66  7:39  Protoss Ground Armor Level 1 (Chrono Boost)  
  66  7:40  Phoenix x2  
  70  8:00  Probe x3  
  70  8:03  Zealot x3  
  70  8:05  Phoenix x2  
  79  8:12  Probe x2  
  84  8:13  Probe  
  86  8:24  Probe  
  86  8:25  Zealot  
  86  8:26  Zealot x4  
  97  8:54  Zealot x2  
  101  9:23  Nexus  
  91  9:29  Zealot x2  
  91  9:30  Zealot x3  
  67  9:53  Zealot x4  
  67  9:54  Zealot  
  75  10:15  Void Ray x2  
  75  10:17  Gateway  
  75  10:18  Zealot, Gateway  
  75  10:19  Zealot x4  
  75  10:20  Gateway  
  89  10:58  Zealot x4, Void Ray  
  89  10:59  Zealot  
  99  11:14  Gateway  
  99  11:17  Gateway  
  99  11:18  Gateway  
  99  11:20  Gateway  
  99  11:21  Zealot x2  
  99  11:22  Zealot x4  
  99  11:23  Zealot  
  107  11:53  Stalker x4  
  115  12:15  Zealot x2  
  115  12:22  Pylon  
  115  12:27  Pylon  
  115  12:30  Pylon  
  115  13:09  Zealot x5  
  115  13:10  Zealot x5  
  115  13:11  Zealot  
  123  13:38  Stalker x3  
  123  13:39  Stalker x5  
  123  13:40  Stalker x4  
  119  14:10  Zealot x5  
  119  14:11  Zealot x2  
Show
View Real Time Build Order
Export as new Build Order

Adrasmorales Protoss 

Build Orders:  

Get SALT Encoding   

  12  0:00  Probe  
  13  0:15  Pylon  
  13  0:18  Probe (Chrono Boost)  
  15  0:30  Probe (Chrono Boost)  
  15  0:31  Assimilator  
  15  0:35  Probe (Chrono Boost)  
  16  0:44  Probe  
  17  0:51  Gateway  
  17  1:02  Probe  
  18  1:09  Assimilator  
  18  1:14  Probe (Chrono Boost)  
  20  1:26  Probe (Chrono Boost)  
  20  1:27  Gateway  
  20  1:30  Probe (Chrono Boost)  
  21  1:42  Cybernetics Core  
  21  1:44  Pylon  
  22  1:47  Probe  
  22  1:59  Probe, Gateway  
  23  2:16  Warp Gate (Chrono Boost)  
  23  2:29  Stalker x2  
  27  2:47  Nexus  
  27  2:56  Stalker  
  29  3:04  Pylon  
  29  3:06  Probe  
  30  3:22  Pylon  
  30  3:29  Stalker x2  
  34  3:39  Pylon  
  29  4:07  Probe (Chrono Boost)  
  29  4:08  Probe (Chrono Boost)  
  31  4:14  Assimilator  
  33  4:18  Probe (Chrono Boost)  
  33  4:20  Probe (Chrono Boost)  
  33  4:23  Probe (Chrono Boost)  
  33  4:28  Probe  
  35  4:34  Probe (Chrono Boost)  
  38  4:46  Probe x2 (Chrono Boost)  
  38  4:47  Twilight Council  
  38  4:49  Stargate  
  38  4:51  Probe (Chrono Boost)  
  39  4:53  Probe (Chrono Boost)  
  39  4:58  Stalker  
  42  5:00  Stalker  
  42  5:01  Probe (Chrono Boost)  
  46  5:10  Probe (Chrono Boost)  
  46  5:12  Probe (Chrono Boost)  
  47  5:17  Probe (Chrono Boost)  
  47  5:18  Gateway  
  47  5:20  Gateway  
  48  5:24  Blink  
  48  5:27  Probe  
  49  5:38  Stalker x2  
  49  5:39  Probe, Stalker  
  56  5:51  Probe  
  57  6:14  Stalker x5  
  67  6:21  Assimilator  
  67  6:22  Probe (Chrono Boost)  
  68  6:32  Probe (Chrono Boost)  
  69  6:36  Probe (Chrono Boost)  
  69  6:39  Stalker  
  70  6:40  Stalker  
  62  6:48  Probe  
  62  6:49  Stalker x2  
  62  6:50  Stalker  
  63  7:00  Probe  
  58  7:09  Stalker x2  
  62  7:17  Stalker x3  
  68  7:25  Probe  
  69  7:37  Probe  
  69  7:38  Pylon  
  69  7:42  Pylon  
  70  7:44  Pylon  
  70  7:56  Probe  
  70  7:57  Pylon  
  71  7:59  Stalker x4  
  71  8:00  Stalker  
  81  8:08  Pylon  
  81  8:20  Nexus  
  81  8:23  Pylon  
  81  8:24  Stalker  
  81  8:25  Stalker x4  
  91  8:38  Nexus  
  91  8:39  Assimilator  
  88  8:44  Assimilator  
  87  8:57  Stalker x5  
  97  9:14  Probe  
  98  9:18  Protoss Air Armor Level 1  
  94  9:27  Probe  
  93  9:39  Probe  
  88  9:51  Probe  
  71  10:03  Probe  
  70  10:10  Zealot x5, Charge (Chrono Boost)  
  78  10:25  Probe (Chrono Boost)  
  79  10:31  Assimilator  
  79  10:33  Assimilator  
  79  10:35  Probe (Chrono Boost)  
  80  10:37  Stargate  
  80  10:39  Stargate  
  80  10:40  Probe (Chrono Boost)  
  80  10:41  Stargate  
  79  10:46  Stalker  
  79  10:47  Stalker x4  
  84  10:51  Probe  
  86  11:06  Probe (Chrono Boost)  
  86  11:09  Probe (Chrono Boost)  
  87  11:18  Fleet Beacon  
  88  11:19  Probe (Chrono Boost)  
  88  11:20  Stargate x2  
  88  11:27  Probe x2 (Chrono Boost), Pylon  
  88  11:32  Probe (Chrono Boost)  
  91  11:37  Probe (Chrono Boost)  
  88  11:41  Probe x2 (Chrono Boost), Zealot x2  
  88  11:42  Zealot x3  
  88  11:44  Probe (Chrono Boost)  
  80  11:47  Probe  
  80  11:53  Probe  
  75  11:59  Probe  
  69  12:05  Probe  
  57  12:23  Carrier (Chrono Boost)  
  57  12:24  Carrier x2 (Chrono Boost)  
  56  12:32  Tempest (Chrono Boost)  
  61  12:38  Pylon  
  61  12:56  Probe  
  68  13:08  Probe  
  68  13:10  Nexus  
  69  13:14  Pylon  
  69  13:20  Probe  
  57  13:32  Probe  
  52  13:44  Probe  
Tags
 
League
Silver
Matchup
PvP
Spawn Locations
Close Positions
Add a new tag
Caveats
  • Supply blocks, unpowered buildings, or Contaminate may cause inaccurate times.
  • Supply counts are checked every 10 seconds.